AoeStats
← Pete

Fortress

509630999Analyzed
4v4 RM · 4d ago on Sep 27, 2026· 41m 24s· 8 players
Game mode
Random Map
Map size
Huge
Population
200
Speed
Normal
Resources
Standard
Victory
Conquest
Starting age
Dark Age
Ending age
Imperial Age
RankedLock teamsTeams togetherTeam positionsShared explorationLock speedFull tech treeHidden civsTurbo modeCheats
Victory
Defeat
🇨🇳 Vikings · China
1736
+19
🇦🇷 Celts · Argentina
1721
+20
1679
+21
🇨🇳 Malay · China
1610
+23
🇬🇧 Cumans · United Kingdom
1859
-23
🇨🇭 Aztecs · Switzerland
1809
-21
🇧🇪 Byzantines · Belgium
1764
-20
🇬🇧 Italians · United Kingdom
1752
-19
张宇腾
7:41 Feudal Age
11:17 Castle Age
9:16 Double-Bit Axe
9:19 Horse Collar
12:08 Bow Saw
12:37 Loom
18:03 Wheelbarrow
19:15 Heavy Plow
19:50 Gold Mining
22:06 Gold Shaft Mining
22:34 Hand Cart
25:38 Imperial Age
23:20 Scale Barding Armor
23:58 Forging
23:51 Husbandry
24:29 Elite Battle Elephant
25:48 Iron Casting
25:37 Conscription
27:35 Blast Furnace
28:07 Coinage
29:31 Banking
30:45 Light Cavalry
33:00 Guilds
33:01 Forced Levy
32:45 Man-at-Arms
33:26 Squires
33:11 Arson
34:08 Long Swordsman
35:31 Two-Handed Swordsman
37:44 Pikeman
38:31 Halberdier
mongo
7:27 Feudal Age
8:06 Double-Bit Axe
11:17 Castle Age
9:04 Horse Collar
12:20 Bow Saw
12:16 Heavy Plow
16:24 Gold Mining
18:39 Gold Shaft Mining
21:59 Imperial Age
19:48 Scale Mail Armor
19:59 Forging
19:55 Squires
21:14 Chain Mail Armor
20:47 Arson
22:29 Fletching
22:02 Crossbowman
22:51 Padded Archer Armor
22:48 Arbalester
23:33 Bodkin Arrow
23:35 Loom
24:23 Ballistics
24:45 Bracer
27:53 Chemistry
28:47 Capped Ram
29:38 Siege Ram
35:22 Elite Varangian Guard
36:35 Plate Mail Armor
38:18 Iron Casting
38:01 Leather Archer Armor
38:15 Arson
41:31 Caravan
Franco Guanajuato
7:51 Feudal Age
11:44 Castle Age
10:02 Double-Bit Axe
10:04 Horse Collar
12:54 Bow Saw
15:00 Wheelbarrow
14:48 Gold Mining
16:40 Gold Shaft Mining
16:10 Heavy Plow
16:38 Fletching
17:20 Bodkin Arrow
16:49 Elite Skirmisher
19:06 Ballistics
19:02 Padded Archer Armor
19:06 Loom
20:32 Leather Archer Armor
29:08 Hand Cart
35:29 Imperial Age
34:39 Scale Mail Armor
35:41 Chain Mail Armor
35:37 Forging
35:35 Capped Ram
36:40 Conscription
37:17 Gold Shaft Mining
36:34 Stone Mining
37:20 Plate Mail Armor
36:36 Siege Ram
39:07 Furor Celtica
40:36 Iron Casting
自有大儒为我辩经
7:12 Feudal Age
7:55 Double-Bit Axe
10:54 Castle Age
9:05 Horse Collar
10:01 Gold Mining
12:24 Bow Saw
12:16 Heavy Plow
17:59 Wheelbarrow
19:22 Gold Mining
19:22 Stone Mining
19:55 Hand Cart
19:27 Loom
25:50 Imperial Age
23:25 Fletching
23:36 Padded Archer Armor
24:06 Ballistics
24:15 Bodkin Arrow
24:36 Husbandry
25:18 Thumb Ring
26:01 Leather Archer Armor
26:53 Conscription
27:35 Chemistry
26:40 Bracer
28:24 Ring Archer Armor
27:56 Town Watch
28:19 Elite Elephant Archer
30:10 Two-Man Saw
28:49 Elite Skirmisher
29:40 Medical Corps
29:12 Pikeman
29:53 Squires
29:41 Arson
30:09 Halberdier
31:36 Scale Mail Armor
31:46 Forging
31:56 Guilds
32:25 Man-at-Arms
32:51 Gambesons
33:13 Long Swordsman
33:47 Two-Handed Swordsman
35:06 Masonry
35:17 Champion
38:32 Chain Mail Armor
38:53 Iron Casting
39:13 Bombard Tower
38:55 Devotion
39:19 Caravan
40:11 Plate Mail Armor
42:41 Blast Furnace
daehiise
7:15 Feudal Age
9:13 Double-Bit Axe
9:22 Horse Collar
11:55 Castle Age
13:26 Heavy Plow
18:16 Wheelbarrow
19:22 Gold Mining
19:44 Loom
24:13 Imperial Age
21:56 Squires
21:59 Scale Mail Armor
22:09 Forging
21:39 Eagle Warrior
22:49 Forging
23:01 Arson
23:33 Chain Mail Armor
24:19 Iron Casting
24:16 Elite Eagle Warrior
24:17 Pikeman
25:35 Plate Mail Armor
26:30 Conscription
28:05 Blast Furnace
29:42 Garland Wars
33:33 Block Printing
35:15 Onager
35:28 Onager
37:00 Caravan
theMole
5:42 Feudal Age
6:15 Double-Bit Axe
7:36 Horse Collar
8:52 Loom
11:13 Wheelbarrow
15:06 Castle Age
13:26 Fletching
15:20 Loom
15:32 Gold Mining
19:39 Imperial Age
18:11 Bow Saw
19:12 Bodkin Arrow
21:31 Chemistry
21:33 Padded Archer Armor
24:35 Ballistics
25:39 Leather Archer Armor
25:39 Bloodlines
27:38 Elite Kipchak
29:53 Parthian Tactics
30:18 Masonry
30:58 Conscription
30:53 Thumb Ring
32:37 Ring Archer Armor
34:53 Hand Cart
37:40 Town Watch
38:50 Gold Shaft Mining
38:05 Stone Mining
40:30 Capped Ram
Tusky
8:06 Feudal Age
9:43 Feudal Age
13:16 Castle Age
11:28 Double-Bit Axe
11:31 Horse Collar
13:09 Fletching
16:34 Imperial Age
14:09 Bodkin Arrow
14:22 Crossbowman
17:33 Gold Mining
19:48 Loom
22:33 Bracer
26:52 Elite Skirmisher
27:51 Padded Archer Armor
30:18 Fortified Wall
30:41 Scale Mail Armor
31:28 Ballistics
31:34 Leather Archer Armor
33:03 Thumb Ring
42:15 Wheelbarrow
Pete
6:19 Feudal Age
9:58 Castle Age
8:48 Double-Bit Axe
8:51 Horse Collar
12:51 Bow Saw
14:05 Loom
15:23 Gold Mining
17:33 Wheelbarrow
18:56 Scale Barding Armor
20:17 Chain Barding Armor
20:08 Bloodlines
21:15 Forging
21:07 Husbandry
25:14 Hand Cart
28:27 Imperial Age
26:26 Fletching
26:37 Padded Archer Armor
27:29 Silk Road
28:42 Bodkin Arrow
28:57 Heavy Plow
28:51 Stone Mining
29:30 Conscription
28:43 Elite Genoese Crossbowman
31:00 Chemistry
30:05 Bracer
31:07 Ballistics
31:24 Light Cavalry
32:02 Treadmill Crane
32:30 Thumb Ring
33:09 Leather Archer Armor
33:16 Masonry
35:45 Ring Archer Armor
Connection lost

Rejoining the realm…

Still unreachable

The connection could not be restored.

Session expired

The server has moved on; the page needs a fresh start.